 Dungeon Crawl Stone Soup version 0.29.1-15-g9cfb28693d (webtiles) character file.

Game seed: 9954348256653566937

1691 Farfigtubin the Basher (level 9, -8/64 (74) HPs)
             Began as a Hill Orc Fighter on Feb 23, 2023.
             Was a Believer of Beogh.
             Mangled by an orc knight
             ... wielding a +0 halberd
              (9 damage)
             ... in a bailey on Feb 24, 2023.
             The game lasted 00:33:04 (6806 turns).

Farfigtubin the Basher (Hill Orc Fighter)           Turns: 6806, Time: 00:33:05

HP:   -8/64 (74)    AC: 22    Str: 23    XL:     9   Next: 2%
MP:   9/9           EV:  9    Int:  8    God:    Beogh [**....]
Gold: 430           SH:  5    Dex: 10    Spells: 8/8 levels left

rFire   . . .      SeeInvis .   l - +2 mace (protect)
rCold   . . .      Faith    .   c - +0 buckler
rNeg    . . .      Spirit   .   b - +0 scale mail
rPois   .          Reflect  .   w - +0 helmet
rElec   .          Harm     .   M - +1 cloak
rCorr   .          Rampage  .   E - +0 pair of gloves
Will    .....                   y - +1 pair of boots
Stlth   ..........              (no amulet)
HPRegen 0.20/turn               (no ring)
MPRegen 0.11/turn               (no ring)

@: mighty, under a protective aura, hasted, heavily drained, very quick
A: no striking features
a: Renounce Religion, Smiting


You were in a bailey.
You worshipped Beogh.
Beogh was pleased with you.
You visited 2 branches of the dungeon, and saw 8 of its levels.
You also visited: Bailey.

You collected 575 gold pieces.
You spent 145 gold pieces at shops.

Inventory:

Hand Weapons
 a - a +0 war axe
 e - a +0 spear
 l - a +2 mace of protection (weapon)
Missiles
 j - 50 stones (quivered)
 n - 3 throwing nets
 B - 6 poisoned darts
 K - 3 boomerangs
Armour
 b - a +0 scale mail (worn)
 c - a +0 buckler (worn)
 w - a +0 helmet (worn)
 y - a +1 pair of boots (worn)
 E - a +0 pair of gloves (worn)
 M - a +1 cloak (worn)
Jewellery
 h - a ring of ice
 q - a +6 ring of dexterity
 O - a ring of flight
Wands
 u - a wand of mindburst (6)
 N - a wand of roots (8)
Scrolls
 f - 8 scrolls of identify
 i - 3 scrolls of magic mapping
 o - 3 scrolls of vulnerability
 p - 4 scrolls of teleportation
 s - 2 scrolls of blinking {unknown}
 t - a scroll of fear {unknown}
 C - a scroll of torment {unknown}
 D - a scroll of enchant weapon {unknown}
 F - a scroll of fog
 G - a scroll of summoning
 H - a scroll of brand weapon {unknown}
 J - a scroll of amnesia {unknown}
 L - a scroll of immolation {unknown}
Potions
 d - 4 potions of might
 g - a potion of haste
 k - a potion of attraction {unknown}
 m - a potion of brilliance {unknown}
 r - a potion of heal wounds
 v - 7 potions of magic
 x - 7 potions of curing
 z - a potion of flight {unknown}
 A - a potion of invisibility {unknown}
 I - a potion of mutation {unknown}
 P - a potion of resistance {unknown}


   Skills:
 - Level 5.0 Fighting
 - Level 3.4(7.0) Axes
 * Level 8.0(8.3) Maces & Flails
 + Level 6.7 Armour
 + Level 6.7 Shields


You had 8 spell levels left.
You didn't know any spells.
Your spell library contained the following spells:

 Spells                   Type           Power      Damage    Failure   Level
 Summon Guardian Golem    Hex/Summ       0%         N/A       98%         3
 Orb of Destruction       Conj           0%         9d5       100%        7
 Spellforged Servitor     Conj/Summ      0%         N/A       100%        7


Dungeon Overview and Level Annotations

Branches:
Dungeon (7/15)             Temple (1/1) D:5          Bailey (1/1)

Altars:
Ashenzari
Cheibriados
Dithmenos
Elyvilon
Fedhas
Gozag
Hepliaklqana
Kikubaaqudgha
Makhleb
Nemelex Xobeh
Okawaru
Qazlal
Ru
Sif Muna
Trog
Uskayaw
Vehumet
Wu Jian
Xom
Zin
The Shining One

Shops:
D:4 ?   D:6 (


Message History

You block the gnoll's attack.
You sock the orc knight!
The orc knight is moderately wounded.
The orc knight hits you but does no damage.
The gnoll hits you from afar with a +0 halberd of electrocution!
You hit the orc knight but do no damage.
The orc knight is moderately wounded.
The orc knight hits you but does no damage.
The gnoll hits you from afar with a +0 halberd of electrocution.
You closely miss the orc knight.
The orc knight is moderately wounded.
You block the orc knight's attack.
The gnoll hits you from afar with a +0 halberd of electrocution.
You are electrocuted!
You feel much better.
The orc knight hits you with a +0 halberd!
The gnoll closely misses you.
You feel very mighty all of a sudden. The orc knight completely misses you.
The gnoll hits you but does no damage.
You are electrocuted!
You barely miss the orc knight.
The orc knight is moderately wounded.
The orc knight barely misses you. The gnoll closely misses you.
You hit the orc knight.
Your weapon exudes an aura of protection.
The orc knight is heavily wounded.
The orc knight hits you with a +0 halberd!
* * * LOW HITPOINT WARNING * * *
The gnoll closely misses you.
You feel much better. The orc knight misses you. You block the gnoll's attack.
You feel yourself speed up.
The orc knight hits you with a +0 halberd!!
* * * LOW HITPOINT WARNING * * *
The gnoll hits you but does no damage.
You thump the orc knight!
Your weapon exudes an aura of protection.
The orc knight is heavily wounded.
The orc knight hits you with a +0 halberd!
You die...
Beogh appreciates the orc knight's killing of a heretic priest. ## ### ##### #.# #)###.'@# #'##'##'###o# #.....## #gg

###.....###
.!.!
#)'..⌠..'.#
.⌠.!+
###.....###
!.!.#
##.....#
!.!#
##)##'##'#
#+ +##+
#)###.#
#.#.#


You could see an orc knight and 2 gnolls.

Vanquished Creatures
  Prince Ribbit (D:5)
  Menkaure (D:5)
  A water moccasin (D:5)
  2 ice beasts (D:5)
  2 ogres (D:6)
  A phantom (D:5)
  Blork the orc (D:5)
  A bullfrog (D:4)
  2 necrophages (D:5)
  3 hounds
  2 jellies
  3 iguanas
  An orc wizard (D:6)
  10 adders
  16 gnolls
  A white imp (D:6)
  An ufetubus (D:5)
  A worm (D:2)
  A dart slug (D:2)
  22 orcs
  4 ball pythons
  8 endoplasms
  3 giant cockroaches
  3 goblins
  10 hobgoblins
  3 kobolds
  6 quokkas
  4 bats (D:1)
  8 rats
122 creatures vanquished.

Vanquished Creatures (others)
  A goblin (D:4)
  A hobgoblin (D:4)
2 creatures vanquished.

Grand Total: 124 creatures vanquished

Notes
Turn   | Place    | Note
-------+----------+-------------------------------------------
     0 | D:1      | Farfigtubin the Hill Orc Fighter began the quest for the
                  | Orb.
     0 | D:1      | Reached XP level 1. HP: 19/19 MP: 1/1
   246 | D:1      | Reached XP level 2. HP: 27/27 MP: 2/2
   574 | D:1      | Reached XP level 3. HP: 33/33 MP: 3/3
   676 | D:1      | Found a faded altar of an unknown god.
  1005 | D:2      | Identified the +0 scale mail of Makhleb's Envy {Rampage
                  | *Corrode rPois Regen+}
  1141 | D:2      | Reached skill level 1 in Maces & Flails
  1157 | D:2      | Reached XP level 4. HP: 30/40 MP: 4/4
  1541 | D:3      | Found a burning altar of Makhleb.
  1541 | D:3      | Found a bloodstained altar of Trog.
  1645 | D:3      | Reached skill level 2 in Maces & Flails
  2507 | D:3      | Reached XP level 5. HP: 47/47 MP: 5/5
  2806 | D:4      | Became a worshipper of Beogh the Brigand
  2999 | D:4      | Found Qiac's Magic Scroll Shop.
  3092 | D:4      | Reached skill level 3 in Maces & Flails
  3092 | D:4      | Reached XP level 6. HP: 53/53 MP: 6/6
  3204 | D:4      | Bought a scroll of fog for 40 gold pieces
  3204 | D:4      | Bought a scroll of summoning for 95 gold pieces
  3204 | D:4      | Bought a scroll of noise for 10 gold pieces
  3354 | D:5      | Entered Level 5 of the Dungeon
  3363 | D:5      | Found a staircase to the Ecumenical Temple.
  3370 | D:5      | Noticed Prince Ribbit
  3493 | D:6      | Noticed an ice beast
  3508 | D:5      | Killed an ice beast
  3509 | D:5      | Reached skill level 5 in Fighting
  3515 | D:6      | Reached skill level 4 in Maces & Flails
  3551 | D:6      | Found a broken altar of Ashenzari.
  3620 | D:6      | Reached XP level 7. HP: 52/61 MP: 7/7
  3676 | D:6      | Found a shimmering blue altar of Sif Muna.
  3760 | D:6      | Found a sacrificial altar of Ru.
  3880 | D:6      | Found a sparkling altar of Nemelex Xobeh.
  3882 | D:6      | Found a radiant altar of Vehumet.
  3985 | D:6      | Reached skill level 5 in Armour
  3985 | D:6      | Reached skill level 5 in Shields
  4164 | D:6      | Reached skill level 5 in Maces & Flails
  4410 | D:5      | Killed Prince Ribbit
  4410 | D:5      | Reached * piety under Beogh
  4411 | D:5      | Reached skill level 6 in Maces & Flails
  4411 | D:5      | Reached XP level 8. HP: 54/68 MP: 8/8
  4816 | D:5      | Reached skill level 7 in Maces & Flails
  5001 | D:5      | Noticed Menkaure
  5001 | D:5      | Noticed Blork the orc
  5007 | D:5      | Killed Menkaure
  5015 | D:5      | Killed Blork the orc
  5361 | D:5      | Identified the +0 leather armour of the Jumping Gods {Fly
                  | rPois}
  5433 | D:5      | Found a glowing silver altar of Zin.
  5521 | Temple   | Entered the Ecumenical Temple
  5702 | D:6      | Found Neciheock's Antique Weapon Boutique.
  5915 | D:7      | Found a flagged portal.
  5962 | Bailey   | Entered a bailey
  6489 | Bailey   | Reached XP level 9. HP: 52/65 MP: 9/9
  6577 | Bailey   | Reached skill level 8 in Maces & Flails
  6783 | Bailey   | Reached ** piety under Beogh
  6791 | Bailey   | Noticed an orc knight
  6805 | Bailey   | HP: 1/64 [orc knight/+0 halberd (28)]
  6806 | Bailey   | Mangled by an orc knight

Illustrated notes

Levels and vault maps discovered:
D:1:      lightli_arrival_boilingwater, layout_rooms,
          nicolae_ecumenical_lake_church, st_stairs_1,
          minmay_misc_feat_nine_boxes
D:2:      layout_rooms, minmay_split_cup_large
D:3:      mumra_celtic_spiral_tile, layout_rooms, jmf_multi_god_temple,
          dk_noncrumbling_4
D:4:      layout_cave_pools, kennysheep_windowed_goal
D:5:      layout_basic, zin_scriptorium, minmay_temple_entry_tees,
          hangedman_decor_opposing, minmay_increasing_density, uniq_menkaure,
          uniq_blork_the_orc, uniq_prince_ribbit1
D:6:      layout_basic, nicolae_sif_muna_condensation, amcnicky_altar_gilded,
          lemuel_round_altar, mainiacjoe_overflow_catwalk_spiral, serial_shops,
          shop_statue, hangedman_decor_peaks_small
D:7:      layout_loops_ring, enter_bailey_4, kennysheep_generic_room_9
Temple:   nicolae_temple_ecumenical_triangle
Bailey:   bailey_polearm_nasty_gnolls, bailey

Skill      XL: |  1  2  3  4  5  6  7  8  9 |
---------------+----------------------------+-----
Axes           | 3 |  3.4
Fighting       | 4 5 |  5.0
Maces & Flails | 1 2 3 4 6 7 8 |  8.0
Shields        | 4 5 6 |  6.7
Armour         | 4 5 6 |  6.7

Action                   |  1- 3 |  4- 6 |  7- 9 || total
-------------------------+-------+-------+-------++-------
Melee: War axe           |    40 |       |       ||    40
       Mace              |    48 |   161 |   275 ||   484
Throw: Dart              |       |     2 |       ||     2
       Boomerang         |       |       |     1 ||     1
Invok: Convert to Beogh  |       |     1 |       ||     1
Evoke: Wand              |       |       |     2 ||     2
  Use: Scroll            |       |     4 |     3 ||     7
       Potion            |       |       |     5 ||     5
Armor: Scale mail        |    41 |    97 |   150 ||   288
Dodge: Dodged            |    31 |    81 |   118 ||   230
Block: Buckler           |    25 |    35 |    51 ||   111
